3L
SEATTLE ROCKETEERS @ KINGSTON TOWNSHIP KNIGHTS
07/20/2041
 
TOP OF THE 1ST
Seattle Rocketeers batting - Pitching for Kingston Township Knights : RHP Francisco Díaz
Pitching: RHP Francisco Díaz
Batting: SHB Lodd Felton 0-0: Bunt missed!
0-1: Ground out 4-3 (Groundball, 4, EV 108.1 MPH)
Batting: RHB Jurgen Flurgenburgen 0-0: Called Strike
0-1: Called Strike
0-2: Foul Ball, location: 2F
0-2: Foul Ball, location: 2F
0-2: Ball
1-2: Ball
2-2: Strikes out swinging
Batting: RHB Mathew Mayo 0-0: Foul Ball, location: 2F
0-1: Ball
1-1: Called Strike
1-2: Ball
2-2: Strikes out swinging
Top of the 1st over - 0 runs, 0 hits, 0 errors, 0 left on base; Seattle 0 - Kingston Township 0
BOTTOM OF THE 1ST
Kingston Township Knights batting - Pitching for Seattle Rocketeers : RHP Eugenio Piñeiro
Pitching: RHP Eugenio Piñeiro
Batting: RHB Daniel Maldonado 0-0: Called Strike
0-1: Ball
1-1: Ball
2-1: Ball
3-1: Called Strike
3-2: Base on Balls
Batting: SHB Eustacio Tafalla 0-0: Ball
1-0: Swinging Strike
1-1: SINGLE (Line Drive, 5D, EV 100.6 MPH)
Daniel Maldonado to second
Batting: RHB Daniel McCoy 0-0: Called Strike
0-1: Ball
1-1: Swinging Strike
1-2: Foul Ball, location: 2F
1-2: Ball
2-2: Ball
3-2: 3-RUN HOME RUN (Flyball, 7D, EV 96.9 MPH), Distance : 406 ft
Batting: LHB Ed Mellor 0-0: Ball
1-0: Foul Ball, location: 2F
1-1: Ground out 4-3 (Groundball, 4, EV 82.5 MPH)
Batting: RHB Holden Ford 0-0: Swinging Strike
0-1: Ball
1-1: Fly out, F7 (Flyball, 7LS, EV 85.6 MPH)
Batting: RHB Amor Campos 0-0: Ball
1-0: Ball
2-0: Swinging Strike
2-1: DOUBLE (Flyball, 7LD, EV 87.5 MPH)
Batting: RHB Jorge Ozezera 0-0: Ball
1-0: Ball
2-0: Foul Ball, location: 2F
2-1: Ball
3-1: Called Strike
3-2: SINGLE (Groundball, 56D, EV 93.8 MPH)
Amor Campos to third
Amor Campos scores
Batting: RHB Takenao Wakabayashi 0-0: Ball
1-0: Ball
2-0: Ball
3-0: Base on Balls
Jorge Ozezera to second
Batting: RHB Glenn Curtis 0-0: Called Strike
0-1: Swinging Strike
0-2: Strikes out swinging
Bottom of the 1st over - 4 runs, 4 hits, 0 errors, 2 left on base; Seattle 0 - Kingston Township 4
TOP OF THE 2ND
Seattle Rocketeers batting - Pitching for Kingston Township Knights : RHP Francisco Díaz
Batting: RHB Alain Grosjean 0-0: Ball
1-0: Called Strike
1-1: Fly out, F9 (Flyball, 89M, EV 88.8 MPH)
Batting: LHB Manoo Satyavrat 0-0: Ball
1-0: Ball
2-0: Called Strike
2-1: Swinging Strike
2-2: Strikes out swinging
Batting: RHB Jur Prokop 0-0: Called Strike
0-1: Called Strike
0-2: Fly out, F8 (Flyball, 8RS, EV 81.2 MPH)
Top of the 2nd over - 0 runs, 0 hits, 0 errors, 0 left on base; Seattle 0 - Kingston Township 4
BOTTOM OF THE 2ND
Kingston Township Knights batting - Pitching for Seattle Rocketeers : RHP Eugenio Piñeiro
Batting: RHB Daniel Maldonado 0-0: Ground out 4-3 (Groundball, 4S, EV 85.6 MPH)
Batting: SHB Eustacio Tafalla 0-0: Called Strike
0-1: SINGLE (Groundball, 34D, EV 99.4 MPH)
Batting: RHB Daniel McCoy 0-0: Called Strike
0-1: Ball
1-1: Swinging Strike
1-2: Strikes out swinging
Batting: LHB Ed Mellor 0-0: Foul Ball, location: 2F
0-1: Ball
1-1: DOUBLE (Line Drive, 7LS, EV 95.6 MPH)
Eustacio Tafalla to third
Runner from 3rd tries for Home, SAFE, throw by LF to home
Batting: RHB Holden Ford 0-0: Ball
1-0: Foul Ball, location: 2F
1-1: Called Strike
1-2: Ball
2-2: SINGLE (Groundball, 56D, EV 94.4 MPH)
Ed Mellor to third
Runner from 3rd tries for Home, SAFE, no throw by LF
Pitching: LHP Kenny Luker
Batting: RHB Amor Campos 0-0: Called Strike
0-1: Ball
1-1: Called Strike
1-2: Strikes out swinging
Bottom of the 2nd over - 2 runs, 3 hits, 0 errors, 1 left on base; Seattle 0 - Kingston Township 6
TOP OF THE 3RD
Seattle Rocketeers batting - Pitching for Kingston Township Knights : RHP Francisco Díaz
Batting: SHB Charles Geudre 0-0: Foul Ball, location: 2F
0-1: Ball
1-1: Called Strike
1-2: Strikes out swinging
Batting: RHB Axel Ruschmeyer 0-0: Fly out, F9 (Flyball, 9S, EV 95.6 MPH)
Batting: LHB Carlos Gabriel 0-0: Called Strike
0-1: Fly out, F5 (Popup, 5, EV 54.4 MPH)
Top of the 3rd over - 0 runs, 0 hits, 0 errors, 0 left on base; Seattle 0 - Kingston Township 6
BOTTOM OF THE 3RD
Kingston Township Knights batting - Pitching for Seattle Rocketeers : LHP Kenny Luker
Batting: RHB Jorge Ozezera 0-0: Ball
1-0: Fly out, F8 (Flyball, 89D, EV 81.2 MPH)
Batting: RHB Takenao Wakabayashi 0-0: Ball
1-0: Ball
2-0: Swinging Strike
2-1: Called Strike
2-2: Foul Ball, location: 2F
2-2: Ball
3-2: Foul Ball, location: 2F
3-2: Foul Ball, location: 2F
3-2: DOUBLE (Flyball, 78XD, EV 112.5 MPH)
Batting: RHB Glenn Curtis 0-0: Ground out 4-3 (Groundball, 4, EV 108.8 MPH)
Takenao Wakabayashi to third
Batting: RHB Daniel Maldonado 0-0: Called Strike
0-1: Foul Ball, location: 2F
0-2: Ground out 6-3 (Groundball, 6, EV 81.9 MPH)
Bottom of the 3rd over - 0 runs, 1 hit, 0 errors, 1 left on base; Seattle 0 - Kingston Township 6
TOP OF THE 4TH
Seattle Rocketeers batting - Pitching for Kingston Township Knights : RHP Francisco Díaz
Batting: SHB Lodd Felton 0-0: Swinging Strike
0-1: Swinging Strike
0-2: Ball
1-2: Ball
2-2: Strikes out swinging
Batting: RHB Jurgen Flurgenburgen 0-0: Ball
1-0: Ball
2-0: Ground out 4-3 (Groundball, 4M, EV 84.4 MPH)
Batting: RHB Mathew Mayo 0-0: Called Strike
0-1: Ball
1-1: Fly out, F7 (Flyball, 7D, EV 98.8 MPH)
Top of the 4th over - 0 runs, 0 hits, 0 errors, 0 left on base; Seattle 0 - Kingston Township 6
BOTTOM OF THE 4TH
Kingston Township Knights batting - Pitching for Seattle Rocketeers : LHP Kenny Luker
Batting: SHB Eustacio Tafalla 0-0: Called Strike
0-1: SINGLE (Line Drive, 3D, EV 96.2 MPH)
Batting: RHB Daniel McCoy 0-0: Ball
1-0: Called Strike
1-1: Grounds into double play, 6-4-3 (Groundball, 6, EV 103.8 MPH)
Batting: LHB Ed Mellor 0-0: Called Strike
0-1: Foul Ball, location: 2F
0-2: Strikes out looking
Bottom of the 4th over - 0 runs, 1 hit, 0 errors, 0 left on base; Seattle 0 - Kingston Township 6
TOP OF THE 5TH
Seattle Rocketeers batting - Pitching for Kingston Township Knights : RHP Francisco Díaz
Batting: RHB Alain Grosjean 0-0: Fly out, F3 (Popup, 3L, EV 75.0 MPH)
Batting: LHB Manoo Satyavrat 0-0: Foul Ball, location: 2F
0-1: Ball
1-1: Ground out 4-3 (Groundball, 4, EV 86.2 MPH)
Batting: RHB Jur Prokop 0-0: Ground out U3 (Groundball, 3, EV 91.2 MPH)
Top of the 5th over - 0 runs, 0 hits, 0 errors, 0 left on base; Seattle 0 - Kingston Township 6
BOTTOM OF THE 5TH
Kingston Township Knights batting - Pitching for Seattle Rocketeers : LHP Kenny Luker
Batting: RHB Holden Ford 0-0: Called Strike
0-1: Ball
1-1: Called Strike
1-2: Ball
2-2: Ball
3-2: Foul Ball, location: 2F
3-2: Foul Ball, location: 2F
3-2: Foul Ball, location: 2F
3-2: Foul Ball, location: 2F
3-2: Foul Ball, location: 2F
3-2: Foul Ball, location: 2F
3-2: Base on Balls
Batting: RHB Amor Campos 0-0: Ball
1-0: Fly out, F5 (Popup, 56, EV 60.0 MPH)
Batting: RHB Jorge Ozezera 0-0: Called Strike
0-1: Ball
1-1: Ball
2-1: Foul Ball, location: 2F
2-2: Foul Ball, location: 2F
2-2: SINGLE (Groundball, 56D, EV 105.0 MPH)
Holden Ford to second
Batting: RHB Takenao Wakabayashi 0-0: Foul Ball, location: 2F
0-1: Foul Ball, location: 2F
0-2: Foul Ball, location: 2F
0-2: Ball
1-2: Foul Ball, location: 2F
1-2: Grounds into double play, 4-6-3 (Groundball, 34, EV 108.8 MPH)
Bottom of the 5th over - 0 runs, 1 hit, 0 errors, 1 left on base; Seattle 0 - Kingston Township 6
TOP OF THE 6TH
Seattle Rocketeers batting - Pitching for Kingston Township Knights : RHP Francisco Díaz
Batting: SHB Charles Geudre 0-0: Ball
1-0: Ball
2-0: Fly out, F3 (Popup, 3SF, EV 81.2 MPH)
Batting: RHB Axel Ruschmeyer 0-0: Ball
1-0: Ground out 1-3 (Groundball, P, EV 86.2 MPH)
Batting: LHB Carlos Gabriel 0-0: Ground out 4-3 (Groundball, 4, EV 103.8 MPH)
Top of the 6th over - 0 runs, 0 hits, 0 errors, 0 left on base; Seattle 0 - Kingston Township 6
BOTTOM OF THE 6TH
Kingston Township Knights batting - Pitching for Seattle Rocketeers : LHP Kenny Luker
Pitching: LHP Jesse Duncan
Batting: RHB Glenn Curtis 0-0: Called Strike
0-1: Called Strike
0-2: Foul Ball, location: 2F
0-2: Ball
1-2: Ball
2-2: SINGLE (Line Drive, 56D, EV 100.0 MPH)
Batting: RHB Daniel Maldonado 0-0: Foul Ball, location: 2F
0-1: Ball
1-1: Foul Ball, location: 2F
1-2: Foul Ball, location: 2F
1-2: Ball
2-2: Ground out 5-3 (Groundball, 5S, EV 91.9 MPH)
Glenn Curtis to second
Batting: SHB Eustacio Tafalla 0-0: Ball
1-0: Ball
2-0: Foul Ball, location: 2F
2-1: Ball
3-1: Fly out, F7 (Flyball, 7D, EV 103.8 MPH)
Batting: RHB Daniel McCoy 0-0: Called Strike
0-1: Called Strike
0-2: Foul Ball, location: 2F
0-2: Ball
1-2: Ball
2-2: Strikes out looking
Bottom of the 6th over - 0 runs, 1 hit, 0 errors, 1 left on base; Seattle 0 - Kingston Township 6
TOP OF THE 7TH
Seattle Rocketeers batting - Pitching for Kingston Township Knights : RHP Francisco Díaz
Batting: SHB Lodd Felton 0-0: Ball
1-0: Called Strike
1-1: Ball
2-1: Foul Ball, location: 2F
2-2: Foul Ball, location: 2F
2-2: Hit by Pitch
Batting: RHB Jurgen Flurgenburgen 0-0: Ball
1-0: Fly out, F5 (Line Drive, 6, EV 71.2 MPH)
Batting: RHB Mathew Mayo 0-0: Ball
1-0: Called Strike
1-1: Fly out, F9 (Flyball, 9S, EV 89.4 MPH)
Batting: RHB Alain Grosjean 0-0: Ball
Lodd Felton steals 2nd base
1-0: Called Strike
1-1: Foul Ball, location: 2F
1-2: Ball
2-2: Ground out 5-3 (Groundball, 56, EV 78.8 MPH)
Top of the 7th over - 0 runs, 0 hits, 0 errors, 1 left on base; Seattle 0 - Kingston Township 6
BOTTOM OF THE 7TH
Kingston Township Knights batting - Pitching for Seattle Rocketeers : LHP Jesse Duncan
Batting: LHB Ed Mellor 0-0: Ground out 4-3 (Groundball, 4, EV 103.8 MPH)
Batting: RHB Holden Ford 0-0: Ball
1-0: Ball
2-0: Called Strike
2-1: Swinging Strike
2-2: Foul Ball, location: 2F
2-2: Ball
3-2: Foul Ball, location: 2F
3-2: Fly out, F8 (Flyball, 8RS, EV 88.8 MPH)
Batting: RHB Amor Campos 0-0: Foul Ball, location: 2F
0-1: Ball
1-1: Ball
2-1: Ball
3-1: Swinging Strike
3-2: Foul Ball, location: 2F
3-2: Foul Ball, location: 2F
3-2: Strikes out swinging
Bottom of the 7th over - 0 runs, 0 hits, 0 errors, 0 left on base; Seattle 0 - Kingston Township 6
TOP OF THE 8TH
Seattle Rocketeers batting - Pitching for Kingston Township Knights : RHP Francisco Díaz
Batting: LHB Manoo Satyavrat 0-0: Called Strike
0-1: Foul Ball, location: 2F
0-2: Ball
1-2: Ball
2-2: Ball
3-2: Ground out 4-3 (Groundball, 4, EV 93.1 MPH)
Batting: RHB Jur Prokop 0-0: Ball
1-0: Called Strike
1-1: Called Strike
1-2: Foul Ball, location: 2F
1-2: SINGLE (Line Drive, 89S, EV 96.9 MPH)
Batting: SHB Charles Geudre 0-0: Ground out 6-3 (Groundball, 6M, EV 107.5 MPH)
Jur Prokop to second
Batting: RHB Axel Ruschmeyer 0-0: Foul Ball, location: 2F
0-1: Ground out 4-3 (Groundball, 4, EV 93.8 MPH)
Top of the 8th over - 0 runs, 1 hit, 0 errors, 1 left on base; Seattle 0 - Kingston Township 6
BOTTOM OF THE 8TH
Kingston Township Knights batting - Pitching for Seattle Rocketeers : LHP Jesse Duncan
Pitching: RHP Gregory Powers
Batting: RHB Jorge Ozezera 0-0: Called Strike
0-1: Ball
1-1: SINGLE (Groundball, 4MD, EV 100.6 MPH)
Batting: RHB Takenao Wakabayashi 0-0: Called Strike
0-1: Grounds into double play, 4-6-3 (Groundball, 34, EV 82.5 MPH)
Batting: RHB Glenn Curtis 0-0: Foul Ball, location: 2F
0-1: Ball
1-1: Ball
2-1: Foul Ball, location: 2F
2-2: Strikes out swinging
Bottom of the 8th over - 0 runs, 1 hit, 0 errors, 0 left on base; Seattle 0 - Kingston Township 6
TOP OF THE 9TH
Seattle Rocketeers batting - Pitching for Kingston Township Knights : RHP Francisco Díaz
Batting: LHB Carlos Gabriel 0-0: Ball
1-0: Ball
2-0: Ball
3-0: Called Strike
3-1: TRIPLE (Flyball, 78XD, EV 101.2 MPH)
Batting: SHB Lodd Felton 0-0: Called Strike
0-1: Swinging Strike
0-2: Ball
1-2: Ball
2-2: Foul Ball, location: 2F
2-2: Strikes out looking
Batting: RHB Jurgen Flurgenburgen 0-0: Called Strike
0-1: Ground out 2-3 (Groundball, 13S, EV 62.5 MPH)
Batting: RHB Mathew Mayo 0-0: Fly out, F8 (Line Drive, 8LM, EV 89.4 MPH)
Top of the 9th over - 0 runs, 1 hit, 0 errors, 1 left on base; Seattle 0 - Kingston Township 6
Tuesday, January 5th, 2021 - OOTP Baseball 20.8 Build 74